 Dungeon Crawl Stone Soup version 0.27-a0-1123-g2f9bb313c0 (webtiles) character file.

Game seed: 11842691884970253985

1098 kae the Cleaver (level 8, -6/71 HPs)
             Began as a Hill Orc Fighter on May 3, 2021.
             Mangled by an ogre
             ... wielding a +0 giant club
              (21 damage)
             ... on level 4 of the Dungeon.
             The game lasted 00:03:11 (6111 turns).

kae the Cleaver (Hill Orc Fighter)                  Turns: 6111, Time: 00:03:11

Health: -6/71      AC: 11    Str: 27    XL:     8   Next: 32%
Magic:  8/8        EV:  7    Int:  8    God:
Gold:   309        SH: 10    Dex: 10    Spells: 7/7 levels left

rFire    . . .     SeeInvis .   a - +1 war axe
rCold    . . .     Faith    .   c - +0 kite shield
rNeg     . . .     Spirit   .   b - +0 scale mail
rPois    .         Reflect  .   (no helmet)
rElec    .         Harm     .   (no cloak)
rCorr    .         Rampage  .   (no gloves)
Will     .....                  (no boots)
Stlth    ..........             (no amulet)
HPRegen  0.21/turn              e - +4 ring of protection
MPRegen  0.11/turn              h - +6 ring of strength

@: no status effects
A: no striking features
a: no special abilities


You were on level 4 of the Dungeon.
You visited 1 branch of the dungeon, and saw 4 of its levels.

You collected 309 gold pieces.

Inventory:

Hand Weapons
 a - a +1 war axe (weapon)
Armour
 b - a +0 scale mail (worn)
 c - a +0 kite shield (worn)
Jewellery
 e - a +4 ring of protection (left hand)
 h - a +6 ring of strength (right hand)
Wands
 l - a wand of flame (10)
 p - a wand of paralysis (7)
Scrolls
 f - 2 scrolls of fog
 i - a scroll of fear
 k - 3 scrolls of identify
 m - a scroll of silence {unknown}
 n - a scroll of amnesia {unknown}
Potions
 d - a potion of might
 g - 2 potions of heal wounds
 j - 5 potions of curing
 o - a potion of brilliance {unknown}


   Skills:
 + Level 6.7 Fighting
 * Level 9.3 Axes
 + Level 6.1 Armour
 - Level 3.2 Shields


You had 7 spell levels left.
You didn't know any spells.
Your spell library was empty.

Dungeon Overview and Level Annotations

Branches:
Dungeon (4/15)
 Temple: D:4-7

Altars:


Message History

There is an open door here.
There is a stone staircase leading up here.
p - a wand of paralysis (7)
You now have 309 gold pieces (gained 16).
There is a stone staircase leading up here.
You open the door.
There is an open door here.
An ogre comes into view. It is wielding a +0 giant club.
You completely miss the ogre. The ogre hits you with a +0 giant club!
You hit the ogre but do no damage.
The ogre hits you with a +0 giant club!!
An ogre is nearby!
You are too injured to fight recklessly!
You are too injured to fight recklessly!
An ogre is nearby!
You are too injured to fight recklessly!
You are too injured to fight recklessly!
You are too injured to fight recklessly!
You are too injured to fight recklessly!
You slash the ogre!
The ogre is heavily wounded.
You block the ogre's attack.
You closely miss the ogre.
The ogre is heavily wounded.
The ogre hits you with a +0 giant club!!
* * * LOW HITPOINT WARNING * * *
You hit the ogre.
The ogre is severely wounded.
The ogre hits you with a +0 giant club!
* * * LOW HITPOINT WARNING * * *
You feel much better. The ogre hits you with a +0 giant club!
* * * LOW HITPOINT WARNING * * *
You hit the ogre.
The ogre is almost dead.
The ogre hits you with a +0 giant club.
* * * LOW HITPOINT WARNING * * *
You barely miss the ogre.
The ogre is almost dead.
The ogre hits you with a +0 giant club!!
You die...

#...........#.######.##
#...........#.# ###
#...........#.#
#...........'.#
#...........###
#.....[..<..#
#....<......#
#########'### #@# #.O.#
#.### #. #


You could see an ogre.

Vanquished Creatures
  2 black bears (D:4)
  An ogre (D:4)
  A necrophage (D:4)
  A kobold brigand (D:3)
  A scorpion (D:4)
  A howler monkey (D:4)
  2 orc priests
  3 iguanas (D:4)
  4 orc wizards
  A howler monkey skeleton (D:2)
  17 gnolls (D:3)
  An adder (D:2)
  2 adder skeletons (D:4)
  2 worms (D:2)
  A dart slug (D:1)
  13 orcs
  6 ball pythons
  8 bats
  8 endoplasms
  4 giant cockroaches
  6 goblins
  8 hobgoblins
  4 jackals (D:1)
  49 kobolds
  A quokka (D:3)
  2 frilled lizards
  3 rats
152 creatures vanquished.

Vanquished Creatures (others)
  6 plants (D:1)
6 creatures vanquished.

Grand Total: 158 creatures vanquished

Notes
Turn   | Place    | Note
-------+----------+-------------------------------------------
     0 | D:1      | kae the Hill Orc Fighter began the quest for the Orb.
     0 | D:1      | Reached XP level 1. HP: 19/19 MP: 1/1
   269 | D:1      | Reached skill level 3 in Axes
   333 | D:1      | Reached XP level 2. HP: 27/27 MP: 2/2
   581 | D:1      | Reached XP level 3. HP: 33/33 MP: 3/3
   943 | D:1      | Reached skill level 4 in Axes
  1055 | D:1      | Found a faded altar of an unknown god.
  1677 | D:2      | Reached XP level 4. HP: 40/40 MP: 4/4
  2389 | D:3      | Reached skill level 5 in Axes
  2521 | D:3      | Reached XP level 5. HP: 42/47 MP: 5/5
  2882 | D:3      | Reached skill level 5 in Fighting
  2882 | D:3      | Reached skill level 6 in Axes
  2882 | D:3      | Reached XP level 6. HP: 34/56 MP: 6/6
  3925 | D:3      | Reached skill level 7 in Axes
  3925 | D:3      | Reached skill level 5 in Armour
  3925 | D:3      | Reached XP level 7. HP: 27/61 MP: 7/7
  4888 | D:4      | Reached skill level 8 in Axes
  5510 | D:4      | Reached XP level 8. HP: 66/71 MP: 8/8
  5821 | D:4      | Reached skill level 9 in Axes
  6108 | D:4      | HP: 3/71 [ogre/+0 giant club (14)]
  6111 | D:4      | Mangled by an ogre

Illustrated notes

Levels and vault maps discovered:
D:1:      nzn_arrival_depleted_hourglass, layout_rooms, serial_corexii_hall,
          corexii_hall_statues_i, chequers_hall_statues_wall_a,
          shapermc_ecumenical_altar_totnotflames, serial_bayou_lagoon_b
D:2:      layout_basic, serial_bayou_ford_a
D:3:      minmay_goblin_kobold_castle, layout_rooms, serial_rivers,
          chequers_serial_rivers_micro_e, chequers_serial_rivers_large_b,
          chequers_serial_rivers_small_3, chequers_serial_rivers_micro_b,
          chequers_serial_rivers_marsh, chequers_serial_rivers_micro_e,
          minmay_misc_feat_secret_circle
D:4:      layout_basic, amethyst_killhole

Skill      XL: |  1  2  3  4  5  6  7  8 |
---------------+-------------------------+-----
Axes           | 3 4 5 6 7 8 9 |  9.3
Fighting       | 4 5 6 |  6.7
Armour         | 4 5 6 |  6.1
Shields        | |  3.2

Action                   |  1- 3 |  4- 6 |  7- 9 || total
-------------------------+-------+-------+-------++-------
Melee: War axe           |    93 |   182 |   103 ||   378
  Use: Scroll            |     6 |     2 |     1 ||     9
       Potion            |       |       |     1 ||     1
Armor: Scale mail        |    56 |   123 |    57 ||   236
Dodge: Dodged            |    43 |    76 |    26 ||   145
Block: Kite shield       |    41 |   162 |    61 ||   264

Table legend: (Time is in decaauts)
 A = Elapsed time spent in this place.
 B = Non-inter-level travel time spent in this place.
 C = Inter-level travel time spent in this place.
 D = Time resting spent in this place.
 E = Time spent auto-exploring this place.
 F = Levels seen in this place.
 G = Mean time per level.
                   A        B        C        D        E       F      G
               +--------+--------+--------+--------+--------+-----+--------+
         Total |   6330 |   6181 |    149 |    753 |   4491 |   4 | 1582.5 |
       Dungeon |   6330 |   6181 |    149 |    753 |   4491 |   4 | 1582.5 |
               +--------+--------+--------+--------+--------+-----+--------+

Top non-repeatable levels by time:
     D:3: 2445 daAuts
     D:1: 1438 daAuts
     D:4: 1426 daAuts
     D:2: 1020 daAuts
